 Dungeon Crawl Stone Soup version 0.24.1-11-gbbbb2193e6 (webtiles) character file.

Game seed: 6469803969119959494, levelgen mode: deterministic

78 Mrkan the Skirmisher (level 4, -5/35 HPs)
             Began as a Demonspawn Fighter on May 15, 2020.
             Slain by an orc warrior
             ... wielding a +0 hand axe
              (14 damage)
             ... on level 2 of the Dungeon.
             The game lasted 00:03:04 (1679 turns).

Mrkan the Skirmisher (Demonspawn Fighter)           Turns: 1679, Time: 00:03:05

Health: -5/35      AC:  7    Str: 17    XL:     4   Next: 15%
Magic:  4/4        EV:  7    Int: 10    God:
Gold:   78         SH:  9    Dex: 12    Spells: 3/3 levels left

rFire    . . .     SeeInvis .   a - +0 war axe
rCold    . . .     Gourm    .   c - +0 shield
rNeg     . . .     Faith    .   b - +0 scale mail
rPois    .         Spirit   .   (helmet restricted)
rElec    .         Reflect  .   (no cloak)
rCorr    .         Harm     .   (no gloves)
MR       .....                  j - +0 pair of boots
Stlth    ..........             (no amulet)
HPRegen  0.11/turn              (no ring)
MPRegen  0.09/turn              (no ring)

@: no status effects
A: antennae 1, spiny 2
a: no special abilities


You were on level 2 of the Dungeon.
You were not hungry.

You visited 1 branch of the dungeon, and saw 2 of its levels.

You collected 78 gold pieces.

Inventory:

Hand Weapons
 a - a +0 war axe (weapon)
Armour
 b - a +0 scale mail (worn)
 c - a +0 shield (worn)
 j - a +0 pair of boots (worn)
Scrolls
 g - a scroll of remove curse {unknown}
 h - 2 scrolls of identify {unknown}
 m - 2 scrolls of teleportation {unknown}
 n - a scroll of blinking {unknown}
Potions
 d - a potion of might
 e - a potion of agility {unknown}
 i - a potion of degeneration {unknown}
 k - a potion of lignification {unknown}
 l - a potion of ambrosia {unknown}
Comestibles
 f - 3 rations


   Skills:
 + Level 3.4 Fighting
 * Level 2.9 Axes
 + Level 3.1 Armour
 + Level 3.2 Shields


You had 3 spell levels left.
You didn't know any spells.
Your spell library contained the following spells:

 Spells                   Type           Power        Failure   Level  Hunger
 Confusing Touch          Hex            #.....       99%         1    ##.....
 Confuse                  Hex            #.......     100%        3    ####...
 Gell's Gravitas          Tloc           #.........   100%        3    ####...
 Petrify                  Tmut/Erth      #.......     100%        4    #####..
 Metabolic Englaciation   Hex/Ice        #.........   100%        5    ######.
 Yara's Violent Unravell  Hex/Tmut       #.........   100%        5    ######.


Dungeon Overview and Level Annotations

Branches:
Dungeon (2/15)

Altars:


Innate Abilities, Weirdness & Mutations

You have a pair of small antennae on your head.
You are mostly covered in sharp spines.


Message History

The goblin is severely wounded.
You block the goblin's attack. The goblin is struck by your spines.
You kill the goblin!
You block the orc warrior's attack.
You hit the orc warrior.
The orc warrior is heavily wounded.
You block the orc warrior's attack.
Unknown command.
You closely miss the orc warrior.
The orc warrior is heavily wounded.
The orc warrior completely misses you. You block the orc warrior's attack.
Unknown command.
You hit the orc warrior but do no damage.
The orc warrior is heavily wounded.
The orc warrior is struck by your spines.
The orc warrior hits you but does no damage.
You hit the orc warrior but do no damage.
The orc warrior is heavily wounded.
The orc warrior hits you with a +0 hand axe!
You die...

#...### #########....#
#..........#.#
#............####
#.........#....†###
#.........#..##...## #
#.........##..{##..##########
#.........####...........#...
#...........@oo............##
#.........########........##.
#...........# #.......###{
#####.#########.. #.......#
#. ≈...≈.....# ##.
#.......###. .≈.≈≈...≈≈######
#####..##... ≈≈≈≈≈≈≈≈≈≈......
#..#.... ≈≈≈≈≈≈≈≈........ .
#.....†. ≈≈≈≈≈≈≈≈.........#
.........


You could see an orc warrior and an orc.

Vanquished Creatures
  3 adders (D:2)
  3 leopard geckos
  7 bats
  7 giant cockroaches
  5 goblins
  2 hobgoblins (D:1)
  2 jackals (D:1)
  5 kobolds
  2 frilled lizards
  7 rats
43 creatures vanquished.

Notes
Turn   | Place    | Note
-------+----------+-------------------------------------------
     0 | D:1      | Mrkan the Demonspawn Fighter began the quest for the Orb.
     0 | D:1      | Reached XP level 1. HP: 18/18 MP: 1/1
   700 | D:1      | Gained mutation: You have a pair of small antennae on your
                  | head. [demonic ancestry]
   700 | D:1      | Reached XP level 2. HP: 24/24 MP: 2/2
   897 | D:1      | Gained mutation: You are partially covered in sharp spines.
                  | [demonic ancestry]
   897 | D:1      | Reached XP level 3. HP: 24/29 MP: 3/3
  1544 | D:2      | Found a faded altar of an unknown god.
  1639 | D:2      | Noticed an orc warrior
  1671 | D:2      | Gained mutation: You are mostly covered in sharp spines.
                  | [demonic ancestry]
  1671 | D:2      | Reached XP level 4. HP: 8/35 MP: 4/4
  1679 | D:2      | Slain by an orc warrior

Levels and vault maps discovered:
D:1:      saegor_arrival_simple_d, layout_basic, minmay_tromino_mix6
D:2:      layout_rooms, chequers_temple_overflow_minitemple,
          chequers_ecumenical_altar_island

Skill      XL: |  1  2  3 |
---------------+----------+-----
Axes           | 2 |  2.9
Shields        | 3 |  3.2
Armour         | 3 |  3.1
Fighting       | |  3.4

Action                   |  1- 3 |  4- 6 || total
-------------------------+-------+-------++-------
Melee: War axe           |   140 |     7 ||   147
  Eat: Chunk             |     3 |       ||     3
Armor: Scale mail        |    77 |     3 ||    80
Dodge: Dodged            |    37 |     2 ||    39
Block: Shield            |    91 |     4 ||    95
